 Dungeon Crawl Stone Soup version 0.31-a0-544-gceb718ecc6 (webtiles) character file.

Game seed: 2992710014488587112

106 Shayle the Trooper (level 4, -1/46 HPs)
             Began as an Ogre Shapeshifter on Aug 15, 2023.
             Slain by an orc wizard
             ... wielding a +0 dagger
              (2 damage)
             ... on level 4 of the Dungeon.
             The game lasted 00:04:13 (1590 turns).

Shayle the Trooper (Ogre Shapeshifter)              Turns: 1590, Time: 00:04:13

Health: -1/46      AC:  3    Str: 19    XL:     4   Next: 84%
Magic:  7/7        EV: 14    Int: 11    God:
Gold:   70         SH:  0    Dex:  9    Spells: 8/8 levels left

rFire   . .          .
                       - Unarmed
rCold   . . .        (no shield)
rNeg    + . .        a - +0 animal skin
rPois   .            (helmet currently unavailable)
rElec   .            (cloak currently unavailable)
rCorr   .            (gloves unavailable)
SInv    .            (boots unavailable)
Will    .....        (no amulet)
Stlth   +            l - +5 ring of evasion
HPRegen 0.27/turn    h - ring of positive energy
MPRegen 0.10/turn

%: no passive effects
@: confused, beast-form
A: beast (slay +2), large, unfitting armour, tough skin 1
a: Begin Untransformation


You were on level 4 of the Dungeon.
You were a hulking beast.
You visited 1 branch of the dungeon, and saw 4 of its levels.

You collected 70 gold pieces.

Inventory:

Armour
 a - a +0 animal skin (worn)
Jewellery
 h - a ring of positive energy (right hand)
 l - a +5 ring of evasion (left hand)
Talismans
 c - a beast talisman (active)
 d - a flux talisman
Wands
 m - a wand of mindburst (25)
Scrolls
 f - 2 scrolls of noise {unknown}
 i - a scroll of blinking {unknown}
 k - 4 scrolls of immolation {unknown}
 n - a scroll of fog {unknown}
 o - a scroll of acquirement {unknown}
Potions
 e - a potion of haste
 g - a potion of enlightenment


   Skills:
 + Level 3.6 Fighting
 - Level 1.7 Dodging
 + Level 3.5 Unarmed Combat
 + Level 2.5 Spellcasting
 - Level 3.0 Shapeshifting


You had 8 spell levels left.
You didn't know any spells.
Your spell library was empty.

Dungeon Overview and Level Annotations

Branches:
Dungeon (4/15)
 Temple: D:4-7

Altars:
Kikubaaqudgha


Innate Abilities, Weirdness & Mutations

You are a hulking beast.
Your limbs bulge with bestial killing power. (Slay +2)
You are too large for most types of armour.
You have tough skin. (AC +1)


Message History

You are confused.
The orc barely misses you. The jackal completely misses you.
You bump into the rock wall.
The jackal bites you. The orc hits you with a +0 hand axe.
The orc wizard points at you and mumbles some strange words.
The magic dart hits you!
The orc hits you from afar with a +0 trident.
* * * LOW HITPOINT WARNING * * *
The orc hits you with a +0 mace.
* * * LOW HITPOINT WARNING * * *
The orc hits you but does no damage.
Unknown command.
You closely miss the orc wizard. Your punch misses the orc wizard.
The jackal bites you.
* * * LOW HITPOINT WARNING * * *
The orc hits you with a +0 hand axe.
* * * LOW HITPOINT WARNING * * *
The orc wizard hits you with a +0 dagger.
* * * LOW HITPOINT WARNING * * *
The orc hits you but does no damage. The orc completely misses you.
The orc closely misses you.
You bump into the rock wall.
The jackal completely misses you. The orc closely misses you.
The orc hits you with a +0 whip.
* * * LOW HITPOINT WARNING * * *
The orc priest looks satisfied for a moment.
The orc barely misses you. The orc hits you but does no damage.
The orc wizard hits you but does no damage.
The jackal bites you but does no damage.
You bump into the rock wall.
The jackal barely misses you. The orc barely misses you.
The orc wizard gestures wildly while chanting.
The orc wizard flickers and vanishes!
Deactivating autopickup; reactivate with Ctrl-A.
The orc hits you from afar with a +0 trident.
* * * LOW HITPOINT WARNING * * *
The orc barely misses you. The orc completely misses you.
You punch the orc!
You kill the orc!
The jackal closely misses you. The orc misses you. Something hits you.
You die...

#..........#
..
#####...##.#
##h## ... #.#
#.# #h# .#
##o# ###.#
###..# ...
#...o##{######
#...hohoo....#
#...oh≈).....#
#..._S≈..PP..#
#.....≈..PP..#
#..≈≈≈≈..PP #
#........PP
#........PP


##..PPPPPPP You could see an orc priest, an adder, 4 orcs and 2 jackals.

Vanquished Creatures
  An orc priest (D:4)
  An orc wizard (D:4)
  2 adders
  2 dart slugs
  An orc (D:4)
  3 bats
  2 endoplasms
  3 giant cockroaches
  4 hobgoblins
  A quokka (D:1)
  4 ball pythons
  4 frilled lizards
  3 goblins
  2 rats
33 creatures vanquished.

Notes
Turn   | Place    | Note
-------+----------+-------------------------------------------
     0 | D:1      | Shayle the Ogre Shapeshifter began the quest for the Orb.
     0 | D:1      | Reached XP level 1. HP: 19/19 MP: 1/1
   123 | D:1      | Found a faded altar of an unknown god.
   148 | D:1      | Reached XP level 2. HP: 26/28 MP: 3/3
   279 | D:1      | Reached skill level 1 in Spellcasting
   938 | D:2      | Reached XP level 3. HP: 36/36 MP: 3/5
  1398 | D:4      | Reached XP level 4. HP: 9/45 MP: 5/7
  1575 | D:4      | Found an ancient bone altar of Kikubaaqudgha.
  1587 | D:4      | HP: 2/46 [orc wizard/+0 dagger (2)]
  1590 | D:4      | Slain by an orc wizard

Illustrated notes

Levels and vault maps discovered:
D:1:      scummos_arrival_hexagon, layout_loops_ring,
          chequers_ecumenical_altar_island
D:2:      layout_basic, kennysheep_generic_room_4
D:3:      layout_basic, cheibriados_altar_1, jmf_multi_god_temple,
          minmay_liquid_box
D:4:      layout_loops_ring, mainiacjoe_overflow_chevrons, temple_fountains,
          serial_shops, nicolae_take_the_stairs

Skill      XL: |  1  2  3 |
---------------+----------+-----
Fighting       | 2 3 |  3.6
Spellcasting   | 1 2 |  2.5
Unarmed Combat | 3 |  3.5
Dodging        | |  1.7
Shapeshifting  | |  3.0

Action                     |  1- 3 |  4- 6 || total
---------------------------+-------+-------++-------
  Melee: Unarmed           |   101 |     6 ||   107
  Evoke: Wand              |     6 |       ||     6
    Use: Potion            |     4 |       ||     4
 Armour: Animal skin       |    18 |     5 ||    23
         Skin              |    17 |       ||    17
  Dodge: Dodged            |    59 |    20 ||    79

Table legend: (Time is in decaauts)
 A = Elapsed time spent in this place.
 B = Non-inter-level travel time spent in this place.
 C = Inter-level travel time spent in this place.
 D = Time resting spent in this place.
 E = Time spent auto-exploring this place.
 F = Levels seen in this place.
 G = Mean time per level.
                   A        B        C        D        E       F      G
               +--------+--------+--------+--------+--------+-----+--------+
         Total |   1567 |   1521 |     46 |    147 |   1010 |   4 |  391.8 |
       Dungeon |   1567 |   1521 |     46 |    147 |   1010 |   4 |  391.8 |
               +--------+--------+--------+--------+--------+-----+--------+

Top non-repeatable levels by time:
     D:1: 700 daAuts
     D:2: 470 daAuts
     D:3: 204 daAuts
     D:4: 192 daAuts
